 Dungeon Crawl Stone Soup version 0.31-a0-968-g24f9ace8b5 (webtiles) character file.

Game seed: 2306744825536000385

24 Maratek the Trooper (level 2, -7/24 HPs)
             Began as a Demonspawn Fighter on Oct 27, 2023.
             Engulfed by a cloud of flame (11 damage)
             ... on level 1 of the Dungeon.
             The game lasted 00:00:51 (898 turns).

Maratek the Trooper (Demonspawn Fighter)             Turns: 898, Time: 00:00:51

Health: -7/24      AC: 11    Str: 16    XL:     2   Next: 79%
Magic:  2/2        EV:  4    Int:  9    God:
Gold:   79         SH:  4    Dex: 12    Spells: 1/1 levels left

rFire   . . .        a - +0 war axe
rCold   . . .        c - +0 buckler
rNeg    . . .        i - +0 plate armour
rPois   .            (no helmet)
rElec   .            (no cloak)
rCorr   .            (no gloves)
SInv    .            (no boots)
Will    .....        (no amulet) Stlth
                     (no ring)
HPRegen 0.24/turn    (no ring)
MPRegen 0.08/turn

%: no passive effects
@: no status effects
A: demonic guardian 1
a: no special abilities


You were on level 1 of the Dungeon.
You visited 1 branch of the dungeon, and saw 1 of its levels.

You collected 79 gold pieces.

Inventory:

Hand Weapons
 a - a +0 war axe (weapon)
Armour
 c - a +0 buckler (worn)
 i - a +0 plate armour (worn)
Scrolls
 b - a scroll of immolation {unknown}
 j - a scroll of identify {unknown}
Potions
 d - a potion of might
 e - 2 potions of degeneration {unknown}
 f - a potion of mutation {unknown}
 g - a potion of curing {unknown}
 h - a potion of attraction {unknown}


   Skills:
 + Level 3.4 Fighting
 + Level 2.0 Axes
 + Level 3.0 Armour
 + Level 2.9 Shields


You had one spell level left.
You didn't know any spells.
Your spell library was empty.

Dungeon Overview and Level Annotations

Branches:
Dungeon (1/15)

Altars:


Innate Abilities, Weirdness & Mutations

A weak demonic guardian rushes to your aid.


Message History

Found a robe.
You open the door. You open the door.
There is an open door here.
A bat comes into view.
A bat is nearby!
A bat is nearby!
The bat hits you but does no damage.
You slash the bat!
You kill the bat!
No target in view!
No target in view!
No target in view!
No target in view!
No target in view!
No target in view!
No target in view!
No target in view!
No target in view!
No target in view!
No target in view!
No target in view!
j - a scroll labelled TETIDI PAYLAUR
Found a robe.
An endoplasm comes into view.
An endoplasm is nearby!
An endoplasm is nearby!
An endoplasm is nearby!
An endoplasm is nearby!
You block the endoplasm's attack.
You hit the endoplasm.
You kill the endoplasm!
No target in view!
No target in view!
You are engulfed in blazing flames.
Ouch! That really hurt!
* * * LOW HITPOINT WARNING * * *
A demonic guardian appears!
You are engulfed in blazing flames.
You die...

#.# #.###.##### #.#
#.###.###.# ##'##
#.........# ##...##
#####.##### ##.....#
#.# ##....... ##5##
###........ #...#
#.'........ #§§§#
###........ #§@☼#
##....... #☼§○#
#......# #...######
#.#...##
.?.(.○☼§.###.##'##
§.[=..§°§.....##.###
§§..?..§§○.######....
####...###### ##..##
#..§# ##..... .
#####......


You could see a friendly iron imp (summoned).

Vanquished Creatures
  2 dart slugs (D:1)
  2 ball pythons (D:1)
  2 bats (D:1)
  3 endoplasms (D:1)
  A giant cockroach (D:1)
  A hobgoblin (D:1)
  3 quokkas (D:1)
  2 goblins (D:1)
  A kobold (D:1)
17 creatures vanquished.

Notes
Turn   | Place    | Note
-------+----------+-------------------------------------------
     0 | D:1      | Maratek the Demonspawn Fighter began the quest for the Orb.
     0 | D:1      | Reached XP level 1. HP: 18/18 MP: 1/1
   256 | D:1      | Gained mutation: A weak demonic guardian rushes to your
                  | aid. [demonic ancestry]
   256 | D:1      | Reached XP level 2. HP: 18/24 MP: 2/2
   898 | D:1      | Engulfed by a cloud of flame

Illustrated notes

Levels and vault maps discovered:
D:1:      ncdulo_lavacross, layout_loops_corners,
          chequers_serial_rivers_large_b, lemuel_flame_loot_1

Skill      XL: |  1  2 |
---------------+-------+-----
Armour         | 3 |  3.0
Axes           | 2 |  2.0
Fighting       | |  3.4
Shields        | |  2.9

Action                     || total
---------------------------++-------
  Melee: War axe           ||    48
 Armour: Scale mail        ||    20
         Plate armour      ||    17
  Dodge: Dodged            ||    24
  Block: Buckler           ||    12

Table legend: (Time is in decaauts)
 A = Elapsed time spent in this place.
 B = Non-inter-level travel time spent in this place.
 C = Inter-level travel time spent in this place.
 D = Time resting spent in this place.
 E = Time spent auto-exploring this place.
 F = Levels seen in this place.
 G = Mean time per level.
                   A        B        C        D        E       F      G
               +--------+--------+--------+--------+--------+-----+--------+
         Total |    946 |    941 |      5 |      0 |    787 |   1 |  946.0 |
       Dungeon |    946 |    941 |      5 |      0 |    787 |   1 |  946.0 |
               +--------+--------+--------+--------+--------+-----+--------+

Top non-repeatable levels by time:
     D:1: 946 daAuts
